 Dungeon Crawl Stone Soup version 0.29.1-15-g9cfb28693d (webtiles) character file.

Game seed: 18355035007149124018

1 hawla the Poker (level 1, -2/14 HPs)
             Began as a Meteoran Wanderer on Apr 5, 2023.
             Slain by an adder (3 damage)
             ... on level 2 of the Dungeon.
             The game lasted 00:01:17 (67 turns).

hawla the Poker (Meteoran Wanderer)                   Turns: 67, Time: 00:01:18

Health: -2/14      AC:  2    Str: 12    XL:     1   Next: 28%
Magic:  1/4        EV: 11    Int: 13    God:
Gold:   0          SH:  0    Dex: 14    Spells: 2/3 levels left

rFire   . . .      SeeInvis .   a - +0 trident
rCold   . . .      Faith    .   (no shield)
rNeg    . . .      Spirit   .   d - +0 robe
rPois   .          Reflect  .   (no helmet)
rElec   .          Harm     .   (no cloak)
rCorr   .          Rampage  .   (no gloves)
Will    .....                   (no boots)
Stlth   +.........              (no amulet)
HPRegen 0.04/turn               (no ring)
MPRegen 0.09/turn               (no ring)

@: lethally poisoned (-2 -> -8), glowing
A: sense surroundings 1, otherworldly, glowing, explore regen
a: no special abilities


You were on level 2 of the Dungeon.
You visited 1 branch of the dungeon, and saw 2 of its levels.

Inventory:

Hand Weapons
 a - a +0 trident (weapon)
Armour
 d - a +0 robe (worn)
Scrolls
 c - a scroll of fear
 e - a scroll of fog {unknown}
 f - a scroll of noise {unknown}
Potions
 b - a potion of mutation {unknown}


   Skills:
 + Level 4.8 Polearms
 + Level 1.0 Stealth
 + Level 2.4 Shields
 + Level 1.6 Spellcasting
 + Level 2.4 Fire Magic


You had 2 spell levels left.
You knew the following spells:

 Your Spells              Type           Power      Damage    Failure   Level
a - Foxfire               Conj/Fire      16%        2x1d4     16%         1

Your spell library contained the following spells:

 Spells                   Type           Power      Damage    Failure   Level
 Conjure Flame            Conj/Fire      4%         6-21      43%         3


Dungeon Overview and Level Annotations

Branches:
Dungeon (2/15) Zot: 1132

Altars:


Innate Abilities, Weirdness & Mutations

You passively map a small area around you.
You are easily found by Zot.
You glow in the dark.
You regain HP and MP as you explore.


Message History

No target in view!
You see here a giant cockroach corpse.
HP restored.
Magic restored.
Found a stone staircase leading up.
You open the door.
There is an open door here.
An adder comes into view.
Found a knobbly tourmaline ring and a hand axe.
The adder hisses angrily.
An adder is nearby!
Casting: Foxfire (safe; 16% risk of failure)
Confirm with . or Enter, or press ? or * to list all spells.
You conjure some foxfire!
The adder bites you.
You are poisoned.
The adder poisons you!
You closely miss the adder.
You feel sick.
The foxfire hits the adder.
The adder is moderately wounded.
The foxfire hits the adder.
The adder is heavily wounded.
The adder bites you.
You are lethally poisoned!
The adder poisons you! The adder bites you but does no damage.
Casting: Foxfire (safe; 16% risk of failure)
Confirm with . or Enter, or press ? or * to list all spells.
You conjure some foxfire!
You feel sick. The adder barely misses you. The adder attacks as you move away!
The adder barely misses you.
* * * LOW HITPOINT WARNING * * *
You feel sick.
The foxfire hits the adder but does no damage.
The adder is heavily wounded.
The foxfire hits the adder but does no damage.
The adder is heavily wounded.
Casting: Foxfire (safe; 16% risk of failure)
Confirm with . or Enter, or press ? or * to list all spells.
You conjure some foxfire!
* * * LOW HITPOINT WARNING * * *
You feel sick. The adder bites you.
* * * LOW HITPOINT WARNING * * *
The adder bites you.
You die...

* + > ,, *### * , , * ,
..##+#### #.# * *
*#.......# ##.#.#
#......)# ...#.#
#######v......# ###..#.#
#....##@S.....# ..#..#.#
#....##v......#
#.#..#.###....##§##+####
#.#..#.##.....'..#*
#.#..#.##.....####
#..†...##.....# * *
#....).##.#####
##........# * +
##........# * , , ,,


You could see an adder (ally target).

Vanquished Creatures
  A giant cockroach (D:2)
1 creature vanquished.

Vanquished Creatures (others)
  4 foxfires (D:2)
4 creatures vanquished.

Grand Total: 5 creatures vanquished

Notes
Turn   | Place    | Note
-------+----------+-------------------------------------------
     0 | D:1      | hawla the Meteoran Wanderer began the quest for the Orb.
     0 | D:1      | hawla set off with the following items: a +0 trident, a +0
                  | buckler, a scroll of fear, a +0 robe; and the following
                  | spell memorised: Foxfire; and the following spells
                  | available to memorise: Conjure Flame.
     0 | D:1      | Reached XP level 1. HP: 14/14 MP: 3/3
    67 | D:2      | Slain by an adder

Illustrated notes

Levels and vault maps discovered:
D:1:      heliophobic_arrival_battle_scene, layout_basic,
          shapermc_ecumenical_altar_mp_highgroup, minmay_statues_item,
          bh_walls_and_bars
D:2:      layout_basic, minmay_misc_feat_chi, chequers_serial_rivers_micro_b

Action                   || total
-------------------------++-------
Melee: Trident           ||     5
 Cast: Foxfire           ||     3
Armor: Robe              ||     2
Dodge: Dodged            ||     2
